 Dungeon Crawl Stone Soup version 0.27.1 (webtiles) character file.

Game seed: 2208387610368556598

4617 ZARRMARR the Covert (level 10, -3/63 (65) HPs)
             Began as an Octopode Transmuter on Sept 2, 2021.
             Was a Believer of Sif Muna.
             Slain by a wraith (13 damage)
             ... on level 8 of the Dungeon.
             The game lasted 01:07:53 (12747 turns).

ZARRMARR the Covert (Octopode Transmuter)          Turns: 12747, Time: 01:07:53

HP:   -3/63 (65)    AC:  1    Str:  9    XL:     10   Next: 42%
MP:   18/18         EV: 16    Int: 22    God:    Sif Muna [**....]
Gold: 558           SH:  0    Dex: 19    Spells: 15/19 levels left

rFire    . . .     SeeInvis .     - Unarmed
rCold    . . .     Faith    +   (no shield)
rNeg     + . .     Spirit   .   (helmet currently unavailable)
rPois    .         Reflect  .   A - amulet of Qifos {Faith rN+ Int+3}
rElec    .         Harm     .   j - +6 ring of dexterity
rCorr    .         Rampage  .   (no ring)
Will     .....                  (no ring)
Stlth    ++++++....             (no ring)
HPRegen  0.20/turn              (no ring)
MPRegen  0.16/turn              (no ring)
                                (no ring)
                                (no ring)

@: appendages (expiring), slowed, studying Air Magic, lightly drained, very slow
A: tentacle spike 3, almost no armour, amphibious, 8 rings, camouflage 1,
gelatinous body 1, (nimble swimmer 1), tentacles
a: End Transformation, Renounce Religion, Channel Magic


You were on level 8 of the Dungeon.
You worshipped Sif Muna.
Sif Muna was pleased with you.
One of your tentacles had grown a beastly spike.
You visited 2 branches of the dungeon, and saw 9 of its levels.
You also visited: Sewer.

You collected 1311 gold pieces.
You spent 753 gold pieces at shops.

Inventory:

Missiles
 a - 2 boomerangs
 f - 37 poisoned darts (quivered)
 p - 2 curare-tipped darts
 t - 14 silver boomerangs
Magical Staves
 s - a staff of earth
Jewellery
 e - a ring of magical power
 j - a +6 ring of dexterity (left tentacle)
 A - the amulet of Qifos (around mantle) {Faith rN+ Int+3}
   (You bought it in a shop on level 8 of the Dungeon)

   [amulet of faith]

   It allows you to gain divine favour quickly.
   Int:       It affects your intelligence (+3).
   rN:        It protects you from negative energy.
Wands
 l - a wand of flame (6)
 n - a wand of iceblast (19)
 r - a wand of digging (4)
 w - a wand of polymorph (18)
Scrolls
 g - a scroll of torment {unknown}
 h - 4 scrolls of teleportation
 k - a scroll of summoning {unknown}
 m - 2 scrolls of enchant armour {unknown}
 u - a scroll of amnesia {unknown}
 y - a scroll of fear {unknown}
Potions
 b - a potion of invisibility
 c - 3 potions of curing
 d - a potion of ambrosia
 o - a potion of brilliance
 q - a potion of haste
 v - 2 potions of resistance
 x - a potion of attraction
 z - a potion of mutation {unknown}


   Skills:
 * Level 4.3 Fighting
 * Level 5.8 Dodging
 * Level 10.6 Stealth
 + Level 0.2 Shields
 + Level 7.0 Unarmed Combat
 * Level 5.3 Spellcasting
 * Level 5.5 Transmutations
 * Level 4.5 Evocations


You had 15 spell levels left.
You knew the following spells:

 Your Spells              Type           Power      Damage    Failure   Level
a - Beastly Appendage     Tmut           60%        N/A       1%          1
b - Spider Form           Tmut/Pois      9%         N/A       10%         3

Your spell library contained the following spells:

 Spells                   Type           Power      Damage    Failure   Level
 Wereblood                Tmut           30%        N/A       1%          2
 Animate Skeleton         Necr           10%        N/A       10%         1
 Pain                     Necr           20%        1d5       10%         1
 Call Canine Familiar     Summ           5%         N/A       28%         3
 Portal Projectile        Hex/Tloc       10%        N/A       28%         3
 Vampiric Draining        Necr           2%         2d6       28%         3
 Ice Form                 Ice/Tmut       18%        N/A       30%         4
 Animate Dead             Necr           2%         N/A       67%         4
 Leda's Liquefaction      Hex/Erth       2%         N/A       67%         4
 Bolt of Magma            Conj/Fire/Erth 2%         4d4       95%         5
 Conjure Ball Lightning   Conj/Air       2%         3x3d6     100%        6


Dungeon Overview and Level Annotations

Branches:
Dungeon (8/15)             Temple (1/1) D:5           Sewer (visited)
   Lair: D:8-11

Altars:
Ashenzari
Cheibriados
Dithmenos
Elyvilon
Fedhas
Gozag
Hepliaklqana
Kikubaaqudgha
Makhleb
Nemelex Xobeh
Qazlal
Ru
Sif Muna
Trog
Uskayaw
Vehumet
Wu Jian
Xom
Yredelemnul
Zin
The Shining One

Shops:
D:1 *   D:8 =

Annotations:
D:8 1 runed translucent door


Innate Abilities, Weirdness & Mutations

One of your tentacles has grown a beastly spike.
You cannot wear most types of armour.
You are amphibious.
You can wear up to eight rings at the same time.
Your skin changes colour to match your surroundings (Stealth+).
Your rubbery body absorbs attacks. (AC +1, EV +1)
((You are camouflaged near water. (Stealth+)))
You have tentacles for arms and can constrict up to eight enemies at once.


Message History

The wraith hits you but does no damage.
You tentacle-slap the wraith.
The wraith is heavily damaged.
The wraith completely misses you. The wraith hits you.
You tentacle-slap the wraith.
The wraith is severely damaged.
The wraith hits you! The wraith drains your vigour!
You feel as though you will be slow longer.
You tentacle-slap the wraith but do no damage.
Your squeeze misses the wraith.
The wraith is severely damaged.
Your transformation is almost over.
The wraith hits you! x2
* * * LOW HITPOINT WARNING * * *
The wraith drains your vigour!
You feel as though you will be slow longer.
You feel much better. The wraith hits you. The wraith drains your vigour!
You feel as though you will be slow longer.
You tentacle-slap the wraith but do no damage.
The wraith is severely damaged.
The wraith closely misses you.
You closely miss the wraith.
You pierce the wraith, but do no damage.
You squeeze the wraith, but do no damage.
The wraith is severely damaged.
The wraith misses you. The wraith hits you. The wraith drains your vigour!
You feel as though you will be slow longer.
You tentacle-slap the wraith.
Your tentacle spike misses the wraith.
The wraith is severely damaged.
The wraith closely misses you.
You closely miss the wraith.
You pierce the wraith.
The wraith is almost destroyed.
The wraith hits you. The wraith drains your vigour!
You feel as though you will be slow longer.
You barely miss the wraith. You squeeze the wraith.
The wraith is almost destroyed.
The wraith hits you!
* * * LOW HITPOINT WARNING * * *
The wraith hits you!
You die...

#8.8#
###########.##.###
##'## #.....#.# #.# ##
#.....#.# # ##.## .##
#.......# #
#+##...##+# ...#
#....#..###
#.........###._.#
######.....
..###'###..#'...#####
#..### .###...###..##
##...## #..# #
##.......##..###@W...#
###..###
.'..._...'....'......#
#...>...
##.......##..###..!..#
#.###### ###...###..##
##...## #.#.....
##'###..#+
#########.#.####
.......##
#......#.#### #8.8##'
##......#....# ##+##..
#.......#..#.# #.#.._
#.......#..#.#


You could see a wraith.

Vanquished Creatures
  Maggie (D:6)
  Prince Ribbit (D:7)
  Grinder (D:6)
  Sigmund (D:4)
  Eustachio (D:4)
  Menkaure (D:6)
  3 ice beasts
  3 sky beasts
  A black bear (D:5)
  2 necrophages
  3 ogres
  3 centaurs
  A phantom (D:6)
  Blork the orc (D:4)
  3 kobold brigands
  3 bullfrogs
  A wyvern zombie (D:5)
  A water moccasin zombie (D:5)
  3 scorpions
  A wyvern skeleton (D:7)
  3 wights (D:8)
  9 killer bees (D:8)
  A bullfrog zombie (D:6)
  A centaur zombie (D:8)
  3 orc priests
  3 centaur skeletons
  3 hounds
  2 jellies
  Crazy Yiuf (D:4)
  2 iguanas
  2 orc wizards (D:6)
  A hound zombie (D:5)
  8 adders
  A river rat (D:5)
  A shadow imp (D:7)
  An ufetubus (D:6)
  A worm (D:5)
  The ghost of hawla the Sneak, a weakling DEDe (D:4)
  18 orcs
  11 bats
  22 endoplasms
  20 giant cockroaches
  2 goblins
  11 hobgoblins
  21 kobolds
  12 quokkas
  16 ball pythons
  17 frilled lizards
  6 rats
  2 rat zombies (D:5)
237 creatures vanquished.

Notes
Turn   | Place    | Note
-------+----------+-------------------------------------------
     0 | D:1      | ZARRMARR the Octopode Transmuter began the quest for the
                  | Orb.
     0 | D:1      | Reached XP level 1. HP: 13/13 MP: 3/3
    47 | D:1      | Reached XP level 2. HP: 10/18 MP: 3/5
   185 | D:1      | Found Wim Esot's Assorted Antiques.
   195 | D:1      | Reached skill level 1 in Stealth
   445 | D:1      | Found a faded altar of an unknown god.
   712 | D:1      | Reached XP level 3. HP: 17/23 MP: 4/6
  1311 | D:2      | Reached skill level 2 in Stealth
  1900 | D:1      | Bought a scroll labelled COKETWINYSTRI for 32 gold pieces
  1900 | D:1      | Acquired 989 gold pieces
  1902 | D:1      | Bought 2 green potions for 57 gold pieces
  1902 | D:1      | Bought a scroll labelled KUESOO YRPHERAN for 32 gold pieces
  2033 | D:3      | Reached XP level 4. HP: 16/28 MP: 7/7
  2945 | D:3      | Reached skill level 3 in Stealth
  2945 | D:3      | Reached XP level 5. HP: 32/33 MP: 6/8
  3782 | D:4      | Noticed Blork the orc
  3792 | D:4      | Noticed an ogre
  4017 | D:4      | Noticed Eustachio
  4040 | D:4      | Killed Eustachio
  4041 | D:4      | Reached skill level 4 in Stealth
  4041 | D:4      | Reached XP level 6. HP: 11/38 MP: 10/10
  4377 | D:4      | Killed Blork the orc
  4394 | D:4      | Reached XP level 7. HP: 38/43 MP: 11/11
  4578 | D:4      | Found a runed translucent door.
  4579 | D:4      | Noticed Crazy Yiuf
  4607 | D:4      | Noticed Sigmund
  4623 | D:5      | Entered Level 5 of the Dungeon
  4627 | D:5      | Reached skill level 5 in Stealth
  4730 | D:5      | Reached skill level 1 in Evocations
  4770 | D:5      | Found a glowing drain.
  4779 | Sewer    | Entered a sewer
  5240 | Sewer    | Reached skill level 5 in Unarmed Combat
  5801 | Sewer    | Reached XP level 8. HP: 36/48 MP: 13/13
  5975 | D:5      | Reached skill level 6 in Stealth
  6402 | D:5      | Found a staircase to the Ecumenical Temple.
  7088 | D:5      | Acquired Apep's Disquisition on Dark Damage Dealing
  7404 | D:5      | Found a radiant altar of Vehumet.
  7517 | D:5      | Found an ornate altar of the Wu Jian Council.
  7520 | D:5      | Found a broken altar of Ashenzari.
  7563 | Temple   | Entered the Ecumenical Temple
  7747 | Temple   | Became a worshipper of Sif Muna the Loreminder
  7783 | D:4      | Found a runed translucent door.
  7783 | D:4      | Noticed hawla's ghost (weakling DEDe)
  7912 | D:4      | Killed Sigmund
  7913 | D:4      | Reached skill level 7 in Stealth
  8103 | D:6      | Reached XP level 9. HP: 55/55 MP: 15/15
  8179 | D:6      | Noticed Grinder
  8191 | D:6      | Killed Grinder
  8208 | D:6      | Reached skill level 8 in Stealth
  8528 | D:6      | Noticed Menkaure
  8532 | D:6      | Killed Menkaure
  8560 | D:6      | Noticed Maggie
  8577 | D:6      | Killed Maggie
  8578 | D:6      | Reached skill level 5 in Dodging
  8578 | D:6      | Reached skill level 9 in Stealth
  9203 | D:6      | Reached skill level 5 in Transmutations
  9596 | D:7      | Noticed Prince Ribbit
  9604 | D:7      | Killed Prince Ribbit
  9604 | D:7      | Reached * piety under Sif Muna
  9605 | D:7      | Reached skill level 5 in Spellcasting
  9663 | D:7      | Reached skill level 10 in Stealth
  9663 | D:7      | Reached XP level 10. HP: 54/63 MP: 17/17
 10213 | D:8      | Found a blossoming altar of Fedhas.
 10282 | D:8      | Identified the +0 buckler of the Assorted Bounties {rElec
                  | rF+ Str+2 Slay-2}
 10642 | D:8      | Found a basalt altar of Yredelemnul.
 10913 | D:8      | Found a runed translucent door.
 10918 | D:8      | Noticed a flayed ghost
 11094 | D:4      | Killed Crazy Yiuf
 11183 | D:4      | Killed hawla's ghost
 11778 | D:8      | Found Zoixeepn's Jewellery Emporium.
 12013 | D:8      | Bought the amulet of Qifos {Faith rN+ Int+3} for 632 gold
                  | pieces
 12065 | D:8      | Learned a level 3 spell: Spider Form
 12554 | D:8      | Reached ** piety under Sif Muna
 12712 | D:8      | Found a sacrificial altar of Ru.
 12717 | D:8      | Found a shadowy altar of Dithmenos.
 12747 | D:8      | Slain by a wraith

Illustrated notes

Levels and vault maps discovered:
D:1:      mainiacjoe_arrival_reflecting_pool, layout_rooms,
          chequers_ecumenical_altar_simple, serial_shops, shop
D:2:      layout_basic
D:3:      layout_basic, columned_hall_lemuel, minmay_puff
D:4:      layout_rooms, hellmonk_ghost_happy_afterlife,
          small_statue_intersection, uniq_eustachio, uniq_sigmund,
          uniq_crazy_yiuf_cottage, uniq_blork_the_orc
D:5:      layout_loops_cross, grunt_temple_overflow_diamond,
          minmay_temple_entry_waves, gup_sewer_entry_bubbles, enter_ossuary_3
D:6:      layout_cave_pods, chequers_serial_rivers_micro_c, feat_on_display,
          uniq_maggie, uniq_menkaure, uniq_grinder
D:7:      layout_rooms, uniq_prince_ribbit1
D:8:      due_megacathedral, layout_basic, fedhas_altar_1, serial_shops,
          nicolae_shop_competitors_out_of_business, minmay_unpleasant_kobolds
Temple:   eino_temple_rhombus

Skill      XL: |  1  2  3  4  5  6  7  8  9 10 |
---------------+-------------------------------+-----
Stealth        | 1 2 3 4 5 7 10 | 10.6
Dodging        | 3 4 5 |  5.8
Unarmed Combat | 4 5 6 7 |  7.0
Spellcasting   | 3 4 5 |  5.3
Transmutations | 3 4 5 |  5.5
Evocations     | 1 2 4 |  4.5
Fighting       | 2 3 4 |  4.3
Shields        | |  0.2

Action                   |  1- 3 |  4- 6 |  7- 9 | 10-12 || total
-------------------------+-------+-------+-------+-------++-------
Melee: Unarmed           |    90 |    82 |   279 |   156 ||   607
       Kick              |    34 |    28 |    92 |    50 ||   204
       Constrict         |    24 |    20 |    47 |    26 ||   117
       Tentacles         |    10 |    20 |    58 |    30 ||   118
       Punch             |       |     1 |    17 |     2 ||    20
Throw: Dart              |       |    35 |   104 |    22 ||   161
       Boomerang         |       |       |    14 |     5 ||    19
 Cast: Beastly Appendage |    24 |    30 |    55 |    29 ||   138
       Spider Form       |       |       |       |     3 ||     3
 Abil: End Transformatio |       |       |       |     1 ||     1
Evoke: Wand              |       |       |    22 |       ||    22
  Use: Scroll            |     7 |     2 |     1 |     7 ||    17
       Potion            |       |     2 |     2 |     4 ||     8
 Stab: Sleeping          |     5 |     7 |    21 |    10 ||    43
       Paralysed         |       |       |    26 |       ||    26
Armor: Skin              |    13 |     7 |    32 |     3 ||    55
Dodge: Dodged            |    42 |    39 |   136 |   111 ||   328
Block: Other             |       |       |       |    20 ||    20
